 Dungeon Crawl Stone Soup version 0.30-a0-168-g0b976cbdc4 (webtiles) character file.

Game seed: 9752652535481989959

217 qw the Chopper (level 5, -3/33 HPs)
             Began as a Gargoyle Fighter on Sept 29, 2022.
             Slain by an ogre
             ... wielding a +0 giant club
              (9 damage)
             ... on level 4 of the Dungeon.
             The game lasted 00:00:59 (3116 turns).

qw the Chopper (Gargoyle Fighter)                   Turns: 3116, Time: 00:00:59

Health: -3/33      AC: 14    Str: 22    XL:     5   Next: 94%
Magic:  5/5        EV:  7    Int:  8    God:
Gold:   176        SH:  4    Dex:  9    Spells: 4/4 levels left

rFire   . . .      SeeInvis .    Y - +1 war axe
rCold   . . .      Faith    .    c - +0 buckler
rNeg    + . .      Spirit   .    h - +0 chain mail
rPois   inf        Reflect  .    (no helmet)
rElec   +          Harm     .    (no cloak)
rCorr   .          Rampage  .    (no gloves)
Will    .....                    n - +0 pair of boots
Stlth   ..........               b - amulet of the acrobat
HPRegen 0.11/turn                (no ring)
MPRegen 0.09/turn                (no ring)

@: no status effects
A: sickness immunity, AC +4, negative energy resistance 1, electricity
resistance, torment resistance 1, petrification resistance
a: no special abilities


You were on level 4 of the Dungeon.
You visited 1 branch of the dungeon, and saw 4 of its levels.

You collected 176 gold pieces.


Innate Abilities, Weirdness & Mutations

You are immune to sickness and miasma.
Your stone body is resilient. (AC +4)
You are immune to poison.
You resist negative energy. (rN+)
You are resistant to electric shocks. (rElec)
You are resistant to unholy torment.
You are immune to petrification.


   Skills:
 + Level 3.9 Fighting
 - Level 5.1 Axes
 - Level 3.2 Armour
 - Level 3.2 Shields


You had 4 spell levels left.
You didn't know any spells.
Your spell library was empty.

Inventory:

Hand Weapons
 g - a +0 whip
 Y - a +1 war axe (weapon)
Armour
 c - a +0 buckler (worn)
 h - a +0 chain mail (worn)
 n - a +0 pair of boots (worn)
Jewellery
 b - an amulet of the acrobat (around neck)
 p - a ring of willpower
Scrolls
 a - a scroll of identify
 s - a scroll of torment {unknown}
Potions
 d - 3 potions of might
 e - 6 potions of curing
 f - a potion of degeneration {unknown}
 i - a potion of ambrosia {unknown}
 j - a potion of heal wounds {unknown}
 k - a potion of haste {unknown}
 l - a potion of attraction
 m - a potion of cancellation
 o - a potion of brilliance {unknown}
 q - a potion of lignification {unknown}
 r - a potion of flight {unknown}

Dungeon Overview and Level Annotations

Branches:
Dungeon (4/15)
 Temple: D:4-7

Altars:
Ru
Trog
Xom


Message History

The endoplasm is moderately wounded.
The endoplasm hits you but does no damage.
The endoplasm freezes you.
You are frozen.
You hit the endoplasm.
The endoplasm is heavily wounded.
The endoplasm freezes you.
You are frozen.
You hit the endoplasm.
You kill the endoplasm!
The ball python bites you but does no damage.
You block the ball python's attack.
You barely miss the ball python.
The ball python bites you but does no damage.
The ball python closely misses you.
You hit the ball python but do no damage.
The ball python bites you. You block the ball python's attack. x2
The ball python closely misses you.
You hit the ball python.
You kill the ball python!
The ball python bites you but does no damage.
You block the ball python's attack.
You closely miss the ball python. The ball python closely misses you.
The ball python grabs you. The ball python constricts you.
You hit the ball python.
You kill the ball python!
The giant cockroach bites you but does no damage.
You slash the giant cockroach!
You kill the giant cockroach!
You slash the ogre!
The ogre is heavily wounded.
The ogre hits you with a +0 giant club!
You completely miss the ogre.
The ogre is heavily wounded.
You block the ogre's attack.
You hit the ogre.
The ogre is heavily wounded.
The ogre hits you with a +0 giant club!
You die...

###).....#.......#.# #
#......#.......#.# #
#......#.#####.#.##### #
#.......##..(##......## #
#.......#$$.).#.####..#
..........#..??g#.....#.#
########..#..ggJ#.###...#
##.##.oSO###.##..# ##.
##@'...#..# #
##'###.##..#
##..#####...#
#..((#).....#
#..).)......#
##..##)###### ####..#
...## ####


You could see an ogre, an adder, an orc, an endoplasm, 2 hobgoblins and a
goblin.

Vanquished Creatures
  A jelly (D:4)
  2 hounds (D:4)
  3 gnolls (D:3)
  2 adders
  2 worms
  3 dart slugs (D:1)
  An orc (D:3)
  7 endoplasms
  5 giant cockroaches
  3 goblins
  6 hobgoblins
  5 jackals (D:1)
  2 quokkas (D:1)
  5 ball pythons
  7 bats
  A frilled lizard (D:1)
  9 kobolds
  5 rats
69 creatures vanquished.

Notes
Turn   | Place    | Note
-------+----------+-------------------------------------------
     0 | D:1      | qw the Gargoyle Fighter began the quest for the Orb.
     0 | D:1      | Reached XP level 1. HP: 14/14 MP: 1/1
     0 | D:1      | 0 ||| qw: Version: 0.2-a-12-gaebbb33
     0 | D:1      | 0 ||| qw: Game counter: 1123
     0 | D:1      | 0 ||| qw: Always use a shield: true
     0 | D:1      | 0 ||| qw: God list: Okawaru
     0 | D:1      | 0 ||| qw: Allow faded altars: false
     0 | D:1      | 0 ||| qw: Do Orc after D:15 true
     0 | D:1      | 0 ||| qw: Do second Lair branch before Depths: true
     0 | D:1      | 0 ||| qw: Lair rune preference: random
     0 | D:1      | 0 ||| qw: Plans: Normal, Zot:1-4, God:TSO, Crypt, Tomb,
                  | Pan, Slime:5, Hells, Abyss, Orb
     0 | D:1      | 0 ||| PLANNING D:1-11
    38 | D:1      | Reached skill level 2 in Axes
   101 | D:1      | Reached XP level 2. HP: 18/19 MP: 2/2
   373 | D:1      | Reached skill level 3 in Axes
   536 | D:1      | Reached XP level 3. HP: 23/23 MP: 3/3
   939 | D:1      | Found a faded altar of an unknown god.
  1063 | D:1      | 1063 ||| UPGRADING to +0 chain mail.
  1073 | D:1      | 1073 ||| DROPPING +0 scale mail.
  1074 | D:1      | 1074 ||| READING scroll labelled XEEKKO TAIDE.
  1075 | D:1      | 1075 ||| READING scroll labelled CEAKOA IZAMOMI.
  1076 | D:1      | 1076 ||| DRINKING 2 coppery potions.
  1296 | D:2      | 1296 ||| DROPPING +0 club.
  1467 | D:2      | Found a sacrificial altar of Ru.
  1483 | D:2      | Reached XP level 4. HP: 28/28 MP: 4/4
  1751 | D:2      | 1751 ||| UPGRADING to amulet of the acrobat.
  1756 | D:2      | 1756 ||| READING scroll labelled CYSEIK VACULUM.
  1759 | D:2      | 1759 ||| READING scroll labelled WAJ BIOZXYSM.
  2016 | D:3      | Reached skill level 4 in Axes
  2445 | D:3      | 2445 ||| UPGRADING to +0 pair of boots.
  2450 | D:3      | 2450 ||| READING 2 scrolls labelled CIVOUH RENEM.
  2451 | D:3      | 2451 ||| DRINKING 2 orange potions.
  2452 | D:3      | 2452 ||| DRINKING 2 bubbling cyan potions.
  2490 | D:4      | 2490 ||| PLANNING OSSUARY
  2550 | D:4      | Found a shimmering altar of Xom.
  2551 | D:4      | Found a bloodstained altar of Trog.
  2551 | D:4      | Identified the +0 robe of Servitude {MP+9}
  2565 | D:4      | Reached XP level 5. HP: 30/32 MP: 5/5
  2973 | D:4      | Reached skill level 5 in Axes
  3087 | D:4      | 3087 ||| RIP OSSUARY
  3091 | D:4      | 3091 ||| PLANNING D:1-11
  3099 | D:4      | Noticed an ogre
  3114 | D:4      | HP: 5/33 [ogre/+0 giant club (9)]
  3116 | D:4      | Slain by an ogre

Levels and vault maps discovered:
D:1:      ncdulo_halloftheorcs, layout_basic, shapermc_ecumenical_altar_pompeii,
          chequers_garden, hangedman_decor_slide_cut
D:2:      layout_loops_ring, basic_altar, amethyst_killhole
D:3:      layout_basic, kennysheep_boxes
D:4:      layout_basic, nicolae_overflow_squiral,
          nicolae_ossuary_entry_false_entrances, minmay_joined_circles

Skill      XL: |  1  2  3  4  5 |
---------------+----------------+-----
Axes           | 2 3 4 5 |  5.1
Fighting       | |  3.9
Armour         | |  3.2
Shields        | |  3.2

Action                   |  1- 3 |  4- 6 || total
-------------------------+-------+-------++-------
Melee: War axe           |   110 |    92 ||   202
  Use: Scroll            |     2 |     3 ||     5
       Potion            |     1 |     2 ||     3
Armor: Scale mail        |    65 |       ||    65
       Chain mail        |     6 |    38 ||    44
Dodge: Dodged            |    57 |    32 ||    89
Block: Buckler           |    13 |    13 ||    26

Table legend:
 A = Non-vault XP
 B = Vault XP
 C = Vault XP percentage of total XP
 D = Non-vault monster count
 E = Vault monster count
 F = Vault count percentage of total count
                 A         B        C        D         E       F
            +---------+---------+-------+---------+---------+-------
      Total |     213 |      98 |  31.5 |      59 |      10 |  14.5
            +---------+---------+-------+---------+---------+-------
        D:1 |      62 |       0 |   0.0 |      33 |       0 |   0.0
        D:2 |      21 |       0 |   0.0 |       6 |       0 |   0.0
        D:3 |      74 |       0 |   0.0 |      12 |       0 |   0.0
        D:4 |      56 |      98 |  63.6 |       8 |      10 |  55.6
            +---------+---------+-------+---------+---------+-------
